TOP OF THE 1ST |
Mississippi State Bulldogs batting - Pitching for Xavier Musketeers : RHP Mark Manning
|
Pitching: RHP Mark Manning
|
|
Batting: RHB Louis-Joseph Perrier
|
0-0: Called Strike 0-1: Foul Ball, location: 2F 0-2: Strikes out swinging
|
Batting: RHB Cory Douglas
|
0-0: Ball 1-0: Ball 2-0: Called Strike 2-1: Called Strike 2-2: Ball 3-2: SOLO HOME RUN (Line Drive, 7LD), Distance : 348 ft
|
Batting: SHB Tom Stewart
|
0-0: Called Strike 0-1: Foul Ball, location: 2F 0-2: Ball 1-2: Ball 2-2: Strikes out swinging passed ball, reaches first!
|
Batting: SHB Jessie Teague
|
0-0: Swinging Strike 0-1: Called Strike Tom Stewart steals 2nd base 0-2: Foul Ball, location: 2F 0-2: Ball 1-2: Strikes out swinging
|
Batting: RHB Jason Heddon
|
0-0: Ball 1-0: Ball 2-0: Called Strike 2-1: Called Strike 2-2: Strikes out swinging
|
Top of the 1st over - 1 run, 1 hit, 0 errors, 1 left on base; Mississippi State 1 - Xavier 0 |
BOTTOM OF THE 1ST |
Xavier Musketeers batting - Pitching for Mississippi State Bulldogs : RHP Tom Speck
|
Pitching: RHP Tom Speck
|
|
Batting: RHB Dillon Farley
|
0-0: Ball 1-0: Called Strike 1-1: Ball 2-1: Ball 3-1: Swinging Strike 3-2: Strikes out swinging
|
Batting: LHB Duncan Sharp
|
0-0: Ball 1-0: Called Strike 1-1: Ball 2-1: Foul Ball, location: 2F 2-2: Strikes out swinging
|
Batting: LHB Bobby Ryan
|
0-0: Called Strike 0-1: Ball 1-1: Ball 2-1: Ball 3-1: Foul Ball, location: 2F 3-2: Foul Ball, location: 2F 3-2: Base on Balls
|
Batting: SHB Orlando Lópes
|
0-0: Ball 1-0: Called Strike 1-1: Called Strike 1-2: Foul Ball, location: 2F 1-2: Fly out, F8 (Flyball, 8LS)
|
Bottom of the 1st over - 0 runs, 0 hits, 0 errors, 1 left on base; Mississippi State 1 - Xavier 0 |
TOP OF THE 2ND |
Mississippi State Bulldogs batting - Pitching for Xavier Musketeers : RHP Mark Manning
|
Batting: LHB Joey Clark
|
0-0: Ground out 4-3 (Groundball, 4)
|
Batting: RHB Andrew Barker
|
0-0: Swinging Strike 0-1: Bunted foul 0-2: Ball 1-2: Ball 2-2: Strikes out swinging
|
Batting: RHB Will Fields
|
0-0: Called Strike 0-1: Fly out, F9 (Flyball, 9)
|
Top of the 2nd over - 0 runs, 0 hits, 0 errors, 0 left on base; Mississippi State 1 - Xavier 0 |
BOTTOM OF THE 2ND |
Xavier Musketeers batting - Pitching for Mississippi State Bulldogs : RHP Tom Speck
|
Batting: LHB Jorge González
|
0-0: Called Strike 0-1: SINGLE (Line Drive, 34)
|
Batting: LHB Johnny Beach
|
0-0: Ball 1-0: Ball 2-0: Ball 3-0: Base on Balls Jorge González to second
|
Batting: RHB Greg Richards
|
0-0: Called Strike 0-1: Fly out, F6 (Popup, 6MS)
|
Batting: RHB Aaron Keller
|
0-0: Ball 1-0: Fly out, F8 (Line Drive, 89D) Runner from 2nd tags up, SAFE at 3rd with throw
|
Batting: RHB Albert Smedley
|
0-0: Called Strike 0-1: Fly out, F9 (Flyball, 9S)
|
Bottom of the 2nd over - 0 runs, 1 hit, 0 errors, 2 left on base; Mississippi State 1 - Xavier 0 |
TOP OF THE 3RD |
Mississippi State Bulldogs batting - Pitching for Xavier Musketeers : RHP Mark Manning
|
Batting: RHB Jeremiah Lewis
|
0-0: Bunt for hit - play at first, batter OUT! 3-4
|
Batting: RHB Louis-Joseph Perrier
|
0-0: Called Strike 0-1: Foul Ball, location: 2F 0-2: Ball 1-2: Strikes out swinging
|
Batting: RHB Cory Douglas
|
0-0: Called Strike 0-1: Ball 1-1: Foul Ball, location: 2F 1-2: Ground out 5-3 (Groundball, 5)
|
Top of the 3rd over - 0 runs, 0 hits, 0 errors, 0 left on base; Mississippi State 1 - Xavier 0 |
BOTTOM OF THE 3RD |
Xavier Musketeers batting - Pitching for Mississippi State Bulldogs : RHP Tom Speck
|
Batting: RHB Dillon Farley
|
0-0: Called Strike 0-1: Ball 1-1: Ball 2-1: Called Strike 2-2: Strikes out looking
|
Batting: LHB Duncan Sharp
|
0-0: Ball 1-0: Swinging Strike 1-1: Called Strike 1-2: Foul Ball, location: 2F 1-2: Ball 2-2: Foul Ball, location: 2F 2-2: Ball 3-2: SINGLE (Flyball, 8RS)
|
Batting: LHB Bobby Ryan
|
0-0: Foul Ball, location: 2F 0-1: Ball 1-1: Called Strike 1-2: Ball 2-2: 2-RUN HOME RUN (Flyball, 9LD), Distance : 340 ft
|
Batting: SHB Orlando Lópes
|
0-0: Ball 1-0: Foul Ball, location: 2F 1-1: Foul Ball, location: 2F 1-2: Ball 2-2: Ball 3-2: Base on Balls
|
Batting: LHB Jorge González
|
0-0: Ball 1-0: Ball 2-0: Fly out, F9 (Line Drive, 9LD)
|
Batting: LHB Johnny Beach
|
0-0: Called Strike 0-1: Fly out, F7 (Flyball, 78S)
|
Bottom of the 3rd over - 2 runs, 2 hits, 0 errors, 1 left on base; Mississippi State 1 - Xavier 2 |
TOP OF THE 4TH |
Mississippi State Bulldogs batting - Pitching for Xavier Musketeers : RHP Mark Manning
|
Batting: SHB Tom Stewart
|
0-0: Ball 1-0: Swinging Strike 1-1: Foul Ball, location: 2F 1-2: Foul Ball, location: 2F 1-2: DOUBLE (Flyball, 78D)
|
Batting: SHB Jessie Teague
|
0-0: Called Strike 0-1: Ball 1-1: Fly out, F6 (Popup, 56D)
|
Batting: RHB Jason Heddon
|
0-0: Ball 1-0: Ball Tom Stewart is caught stealing 3rd base 2-0: Foul Ball, location: 2F 2-1: Swinging Strike 2-2: Ground out 5-3 (Groundball, 5)
|
Top of the 4th over - 0 runs, 1 hit, 0 errors, 0 left on base; Mississippi State 1 - Xavier 2 |
BOTTOM OF THE 4TH |
Xavier Musketeers batting - Pitching for Mississippi State Bulldogs : RHP Tom Speck
|
Batting: RHB Greg Richards
|
0-0: Ball 1-0: Called Strike 1-1: Ball 2-1: Called Strike 2-2: Strikes out swinging
|
Batting: RHB Aaron Keller
|
0-0: Called Strike 0-1: Foul Ball, location: 2F 0-2: Ball 1-2: Ball 2-2: Foul Ball, location: 2F 2-2: Strikes out looking
|
Batting: RHB Albert Smedley
|
0-0: Ball 1-0: Ground out U3 (Groundball, 3S)
|
Bottom of the 4th over - 0 runs, 0 hits, 0 errors, 0 left on base; Mississippi State 1 - Xavier 2 |
TOP OF THE 5TH |
Mississippi State Bulldogs batting - Pitching for Xavier Musketeers : RHP Mark Manning
|
Batting: LHB Joey Clark
|
0-0: Called Strike 0-1: Fly out, F8 (Line Drive, 78D)
|
Pitching: RHP Tom Shepherd
|
|
Batting: RHB Andrew Barker
|
0-0: Called Strike 0-1: Bunt for hit - play at first, batter OUT! 5-3
|
Batting: RHB Will Fields
|
0-0: Foul Ball, location: 2F 0-1: Foul Ball, location: 2F 0-2: Ball 1-2: Strikes out swinging
|
Top of the 5th over - 0 runs, 0 hits, 0 errors, 0 left on base; Mississippi State 1 - Xavier 2 |
BOTTOM OF THE 5TH |
Xavier Musketeers batting - Pitching for Mississippi State Bulldogs : RHP Tom Speck
|
Batting: RHB Dillon Farley
|
0-0: Reached on error, E5 (Groundball, 56)
|
Pitching: RHP Chris Brandt
|
|
Batting: LHB Duncan Sharp
|
0-0: Ball 1-0: Ball 2-0: Foul Ball, location: 2F 2-1: Ball 3-1: Foul Ball, location: 2F 3-2: Fly out, F8 (Flyball, 8LM) Runner from 2nd tags up, OUT at 3rd
|
Batting: LHB Bobby Ryan
|
0-0: Ball 1-0: Called Strike 1-1: Foul Ball, location: 2F 1-2: Foul Ball, location: 2F 1-2: SINGLE (Line Drive, 4)
|
Batting: SHB Orlando Lópes
|
0-0: Ball 1-0: 2-RUN HOME RUN (Flyball, 9LD), Distance : 358 ft
|
Batting: LHB Jorge González
|
0-0: Called Strike 0-1: Foul Ball, location: 2F 0-2: Ball 1-2: Fly out, F7 (Line Drive, 7)
|
Bottom of the 5th over - 2 runs, 2 hits, 1 error, 0 left on base; Mississippi State 1 - Xavier 4 |
TOP OF THE 6TH |
Mississippi State Bulldogs batting - Pitching for Xavier Musketeers : RHP Tom Shepherd
|
Batting: RHB Jeremiah Lewis
|
0-0: Called Strike 0-1: Ball 1-1: Ball 2-1: Ball 3-1: Base on Balls
|
Batting: RHB Louis-Joseph Perrier
|
0-0: Grounds into double play, 6-4-3 (Groundball, 6)
|
Batting: RHB Cory Douglas
|
0-0: Ball 1-0: Swinging Strike 1-1: Ball 2-1: Foul Ball, location: 2F 2-2: Foul Ball, location: 2F 2-2: Ball 3-2: Strikes out swinging
|
Top of the 6th over - 0 runs, 0 hits, 0 errors, 0 left on base; Mississippi State 1 - Xavier 4 |
BOTTOM OF THE 6TH |
Xavier Musketeers batting - Pitching for Mississippi State Bulldogs : RHP Chris Brandt
|
Pitching: RHP Jorge Morales
|
|
Batting: LHB Johnny Beach
|
0-0: SINGLE (Line Drive, 9S)
|
Batting: RHB Greg Richards
|
0-0: Called Strike 0-1: Fly out, F8 (Flyball, 8RD)
|
Batting: RHB Aaron Keller
|
0-0: Ball 1-0: Ball 2-0: Ball 3-0: Base on Balls Johnny Beach to second
|
Batting: RHB Albert Smedley
|
0-0: Foul Ball, location: 2F 0-1: SINGLE (Line Drive, 6MD) Johnny Beach to third Aaron Keller to second Runner from 3rd tries for Home, SAFE, throw made home
|
Batting: RHB Dillon Farley
|
0-0: Fielders Choice at 2nd, 3-6 (Groundball, 34) Aaron Keller to third
|
Batting: LHB Duncan Sharp
|
0-0: Foul Ball, location: 2F 0-1: Foul Ball, location: 2F 0-2: Ground out 4-3 (Groundball, 4S)
|
Bottom of the 6th over - 1 run, 2 hits, 0 errors, 2 left on base; Mississippi State 1 - Xavier 5 |
TOP OF THE 7TH |
Mississippi State Bulldogs batting - Pitching for Xavier Musketeers : RHP Tom Shepherd
|
Batting: SHB Tom Stewart
|
0-0: Ball 1-0: Ball 2-0: SINGLE (Groundball, 34D)
|
Batting: SHB Jessie Teague
|
0-0: Called Strike 0-1: Ball 1-1: Called Strike 1-2: Ball 2-2: Strikes out swinging
|
Batting: RHB Jason Heddon
|
0-0: Ball 1-0: Foul Ball, location: 2F 1-1: Foul Ball, location: 2F 1-2: Ball 2-2: 2-RUN HOME RUN (Flyball, 7LD), Distance : 330 ft
|
Pitching: LHP Marvin Walker
|
|
Batting: LHB Joey Clark
|
0-0: Ball 1-0: Foul Ball, location: 2F 1-1: Foul Ball, location: 2F 1-2: DOUBLE (Line Drive, 9LD)
|
Pitching: LHP Jon Tierney
|
|
Batting: RHB Andrew Barker
|
0-0: Ground out 5-3 (Groundball, 56)
|
Batting: RHB Will Fields
|
0-0: Fly out, F9 (Flyball, 89D)
|
Top of the 7th over - 2 runs, 3 hits, 0 errors, 1 left on base; Mississippi State 3 - Xavier 5 |
BOTTOM OF THE 7TH |
Xavier Musketeers batting - Pitching for Mississippi State Bulldogs : RHP Jorge Morales
|
Batting: LHB Bobby Ryan
|
0-0: Ball 1-0: Called Strike 1-1: Ball 2-1: Ball 3-1: Base on Balls
|
Batting: SHB Orlando Lópes
|
0-0: Foul Ball, location: 2F 0-1: Foul Ball, location: 2F 0-2: SINGLE (Flyball, 8RS) Bobby Ryan to second
|
Batting: LHB Jorge González
|
0-0: Called Strike 0-1: Foul Ball, location: 2F 0-2: Strikes out looking
|
Batting: LHB Johnny Beach
|
0-0: Grounds into double play, 5-4-3 (Groundball, 56)
|
Bottom of the 7th over - 0 runs, 1 hit, 0 errors, 1 left on base; Mississippi State 3 - Xavier 5 |
TOP OF THE 8TH |
Mississippi State Bulldogs batting - Pitching for Xavier Musketeers : LHP Jon Tierney
|
Batting: RHB Jeremiah Lewis
|
0-0: Ball 1-0: Fly out, F7 (Flyball, 7)
|
Batting: RHB Louis-Joseph Perrier
|
0-0: Ball 1-0: Ground out 6-3 (Groundball, 6)
|
Batting: RHB Cory Douglas
|
0-0: Called Strike 0-1: DOUBLE (Flyball, 78D)
|
Batting: SHB Tom Stewart
|
0-0: Foul Ball, location: 2F 0-1: Ball 1-1: Foul Ball, location: 2F 1-2: Ball 2-2: Ball 3-2: Base on Balls
|
Pitching: RHP Scott Young
|
|
Batting: SHB Jessie Teague
|
0-0: Ball 1-0: Swinging Strike 1-1: Fielders Choice at 2nd, 6-4 (Groundball, 6)
|
Top of the 8th over - 0 runs, 1 hit, 0 errors, 2 left on base; Mississippi State 3 - Xavier 5 |
BOTTOM OF THE 8TH |
Xavier Musketeers batting - Pitching for Mississippi State Bulldogs : RHP Jorge Morales
|
Pitching: RHP Richard Castle
|
|
Batting: RHB Greg Richards
|
0-0: Called Strike 0-1: Called Strike 0-2: Strikes out swinging
|
Batting: RHB Aaron Keller
|
0-0: Called Strike 0-1: Foul Ball, location: 2F 0-2: Ball 1-2: SOLO HOME RUN (Flyball, 7D), Distance : 357 ft
|
Batting: RHB Albert Smedley
|
0-0: Fly out, F8 (Flyball, 8RD)
|
Batting: RHB Dillon Farley
|
0-0: Called Strike 0-1: Foul Ball, location: 2F 0-2: Ball 1-2: Strikes out swinging
|
Bottom of the 8th over - 1 run, 1 hit, 0 errors, 0 left on base; Mississippi State 3 - Xavier 6 |
TOP OF THE 9TH |
Mississippi State Bulldogs batting - Pitching for Xavier Musketeers : RHP Scott Young
|
Batting: RHB Jason Heddon
|
0-0: Ball 1-0: Foul Ball, location: 2F 1-1: Ball 2-1: Ball 3-1: Swinging Strike 3-2: Base on Balls
|
Batting: LHB Joey Clark
|
0-0: Grounds into double play, 5-4-3 (Groundball, 5D)
|
Batting: RHB Andrew Barker
|
0-0: Foul Ball, location: 2F 0-1: Ball 1-1: Called Strike 1-2: Strikes out swinging
|
Top of the 9th over - 0 runs, 0 hits, 0 errors, 0 left on base; Mississippi State 3 - Xavier 6 |
|